 Dungeon Crawl Stone Soup version 0.23-a0-577-g2b1de94 (webtiles) character file.

94678 ohad the Severer (level 16, -18/141 HPs)
             Began as a Hill Orc Gladiator on Dec 14, 2018.
             Was the Champion of Makhleb.
             Killed from afar by an ice dragon (61 damage)
             ... with a blast of cold
             ... on level 15 of the Dungeon.
             The game lasted 01:22:30 (20653 turns).

ohad the Severer (Hill Orc Gladiator)              Turns: 20653, Time: 01:22:31

Health: -18/141    AC: 24    Str: 19    XL:     16   Next: 12%
Magic:  25/25      EV: 17    Int: 10    God:    Makhleb [******]
Gold:   1169       SH:  0    Dex: 17    Spells: 15/15 levels left

rFire    + + .     SeeInvis .   G - +2 battleaxe (chop)
rCold    x . .     Gourm    .   (shield currently unavailable)
rNeg     . . .     Faith    .   B - +3 fire dragon scales
rPois    +         Spirit   .   L - +2 hat
rElec    .         Reflect  .   R - +1 cloak {rPois}
rCorr    .         Harm     .   A - +0 pair of gloves
MR       +....                  v - +0 pair of boots
Stlth    ..........             F - amulet of regeneration
HPRegen  0.73/turn              (no ring)
MPRegen  0.19/turn              t - +2 ring of intelligence

@: hasted, very quick
A: talons 1, thin metallic scales 1, mutation resistance 1
a: Minor Destruction, Lesser Servant of Makhleb, Major Destruction, Greater
Servant of Makhleb, Renounce Religion


You were on level 15 of the Dungeon.
You worshipped Makhleb.
Makhleb was exalted by your worship.
You were not hungry.

You visited 3 branches of the dungeon, and saw 22 of its levels.

You collected 1588 gold pieces.
You spent 419 gold pieces at shops.

Inventory:

Hand Weapons
 u - a +2 hand crossbow of freezing
 x - a +1 short sword of distortion
 G - a +2 battleaxe of chopping (weapon)
 H - a +0 hand axe of flaming
 J - a +1 broad axe of venom
 P - a +5 blowgun
 T - the +9 glaive of the Shining Light {chop, rPois Str+2 Dex+4}
   (You found it on level 11 of the Dungeon)

   It inflicts extra damage upon your enemies.
   It affects your strength (+2).
   It affects your dexterity (+4).
   It protects you from poison.
Missiles
 d - 3 throwing nets (quivered)
 e - 134 bolts
 l - 21 curare-tipped needles
 U - 5 javelins
Armour
 h - a +4 chain mail
 v - a +0 pair of boots (worn)
 A - a +0 pair of gloves (worn)
 B - +3 fire dragon scales (worn)
 I - a +2 chain mail of cold resistance
 L - a +2 hat (worn)
 R - a +1 cloak of poison resistance (worn)
 W - the +5 ring mail "Caz Vooh" {+Fly rC- MR- Dex+8}
   (You found it on level 5 of the Lair of Beasts)

   It affects your dexterity (+8).
   It makes you vulnerable to cold.
   It affects your resistance to hostile enchantments.
   It lets you fly.
Jewellery
 b - the ring "Huref" {Fire Stlth+}
   (You found it on level 4 of the Lair of Beasts)

   [ring of fire]

   It enhances your fire magic.
   It protects you from fire.
   It makes you vulnerable to cold.
   It makes you more stealthy.
 t - a +2 ring of intelligence (right hand)
 C - an uncursed ring of flight
 E - a +4 amulet of reflection
 F - an amulet of regeneration (around neck)
 K - an uncursed amulet of guardian spirit
Wands
 w - a wand of clouds (5)
 z - a wand of scattershot (4)
 M - a wand of acid (24)
 O - a wand of digging (3)
 Q - a wand of disintegration (35)
 S - a wand of iceblast (22)
Scrolls
 a - 2 scrolls of fear
 c - a scroll of enchant armour
 g - 4 scrolls of blinking
 i - 5 scrolls of remove curse
 n - 4 scrolls of teleportation
 o - 6 scrolls of enchant weapon
 q - 7 scrolls of magic mapping
 X - 4 scrolls of fog
 Z - a scroll of holy word
Potions
 k - 2 potions of agility
 m - a potion of might
 s - 8 potions of curing
 y - a potion of heal wounds
 D - 2 potions of invisibility
 N - a potion of resistance
 V - 3 potions of haste
 Y - 4 potions of flight
Miscellaneous
 j - a fan of gales
Comestibles
 f - 34 rations
 p - 2 chunks of flesh


   Skills:
 + Level 12.4 Fighting
 - Level 20.7 Axes
 - Level 1.7 Throwing
 + Level 11.5 Armour
 + Level 12.0 Dodging
 - Level 13.0 Invocations


You had 15 spell levels left.
You didn't know any spells.
Your spell library contained the following spells:

 Spells                   Type           Power        Failure   Level  Hunger
 Beastly Appendage        Tmut           #.....       71%         1    ##.....
 Infusion                 Chrm           #...         71%         1    ##.....
 Magic Dart               Conj           #...         71%         1    ##.....
 Sandblast                Erth           #.....       71%         1    ##.....
 Sting                    Conj/Pois      #...         71%         1    ##.....
 Summon Small Mammal      Summ           #...         71%         1    ##.....
 Call Imp                 Summ           #.......     85%         2    ###....
 Passwall                 Tmut/Erth      #.......     85%         2    ###....
 Poisonous Vapours        Pois/Air       #.....       85%         2    ###....
 Searing Ray              Conj           #.....       85%         2    ###....
 Shroud of Golubria       Chrm/Tloc      #.........   85%         2    ###....
 Song of Slaying          Chrm           #.......     85%         2    ###....
 Sticks to Snakes         Tmut           #.......     85%         2    ###....
 Call Canine Familiar     Summ           #.......     97%         3    ####...
 Conjure Flame            Conj/Fire      #.......     97%         3    ####...
 Dazzling Spray           Conj/Hex       #.....       97%         3    ####...
 Mephitic Cloud           Conj/Pois/Air  #.......     97%         3    ####...
 Recall                   Summ/Tloc      N/A          97%         3    ####...
 Regeneration             Chrm/Necr      #.........   97%         3    ####...
 Spectral Weapon          Hex/Chrm       #.......     97%         3    ####...
 Spider Form              Tmut/Pois      #.........   97%         3    ####...
 Stone Arrow              Conj/Erth      #.....       97%         3    ####...
 Summon Guardian Golem    Hex/Summ       #.......     97%         3    ####...
 Force Lance              Conj/Tloc      #.......     100%        4    #####..
 Fulminant Prism          Conj/Hex       #.........   100%        4    #####..
 Ice Form                 Ice/Tmut       #.......     100%        4    #####..
 Iskenderun's Mystic Bla  Conj           #.......     100%        4    #####..
 Olgreb's Toxic Radiance  Pois           #.......     100%        4    #####..
 Petrify                  Tmut/Erth      #.......     100%        4    #####..
 Summon Ice Beast         Ice/Summ       #.......     100%        4    #####..
 Summon Lightning Spire   Summ/Air       #.......     100%        4    #####..
 Aura of Abjuration       Summ           #.........   100%        5    ######.
 Blade Hands              Tmut           #.........   100%        5    ######.
 Lee's Rapid Deconstruct  Erth           #.........   100%        5    ######.
 Summon Demon             Summ           #.........   100%        5    ######.
 Summon Forest            Summ/Tloc      #.........   100%        5    ######.
 Summon Mana Viper        Hex/Summ       #.......     100%        5    ######.
 Venom Bolt               Conj/Pois      #.........   100%        5    ######.
 Freezing Cloud           Conj/Ice/Air   #.........   100%        6    #######
 Shadow Creatures         Summ           N/A          100%        6    #######
 Ring of Flames           Chrm/Fire      #.........   100%        7    #######


Dungeon Overview and Level Annotations

Branches:
Dungeon (15/15)            Temple (1/1) D:4            Lair (6/6) D:9
 Shoals (0/4) Lair:2       Spider (0/4) Lair:3        Slime (0/5) Lair:6
    Orc (0/2) D:11         Vaults (0/5) D:14         Depths (0/5) D:15

Altars:
Ashenzari
Fedhas
Makhleb
Qazlal
Sif Muna
Uskayaw
Vehumet
Xom
Yredelemnul
Zin
The Shining One

Shops:
D:4 (   D:9 ?   D:14 ?

Annotations:
D:4 exclusion: upstairs


Innate Abilities, Weirdness & Mutations

You have sharp toenails.
You are partially covered in thin metallic scales. (AC +2)
You are somewhat resistant to further mutation.


Message History

The ice dragon tramples you but does no damage.
Found a staircase to the Depths.
Drop what? 51/52 slots (_ for help) (? for menu, Esc to quit)
Okay, then.
You hit the ice dragon.
The ice dragon is lightly wounded.
Your cacodemon gestures at the ice dragon.
The bolt of energy hits the ice dragon. x2
You slash the ice dragon!
The ice dragon is heavily wounded.
You slash the ice dragon! The ice dragon bites you.
* * * LOW HITPOINT WARNING * * *
The ice dragon claws you but does no damage.
The ice dragon barely misses you.
You slice the ice dragon!!
The ice dragon is almost dead.
You hit the ice dragon. The ice dragon breathes frost at you.
The blast of cold hits you!
You feel a terrible chill!
You die...

...................##.......#....
..#########.......##........#....
..#.......#......##.........#....
..#.......#.....##..........#....
..#....<..#.....#..8........#....
..#.......#.....#...........#####
..#.......+.....#2##............#
..##'######....##D###...........#
..............##@D.##............
).....##'###..#..#..#............
.))...#....#..#$.#.$#...#####....
......#....#..#$.#.$#...#...###..
......#....#..#$.#.$#...'.....#..
......#....#..#$.#.$#...#.....#..
......#....#..##...##...#.....##.
......#....#...##>##....#......#.
......#....#....###.....#......#.


You could see 2 ice dragons and a friendly cacodemon.

Vanquished Creatures
  Gastronok (D:8)
  8 vault guards (D:14)
  4 hydras
  2 catoblepae
  3 death knights
  A queen ant (Lair:3)
  4 two-headed ogres
  16 death yaks
  A tengu warrior (D:14)
  The ghost of MisterFreud the Nimble, a journeyman FeBe of Trog (Lair:3)
  Nergalle (D:12)
  A fire crab (Lair:6)
  2 unseen horrors
  The ghost of galech the Chopper, a novice DsFi of Okawaru (D:8)
  6 skeletal warriors
  2 phantasmal warriors (D:15)
  A deep elf mage (D:13)
  A lindwurm (Lair:6)
  A necromancer (Lair:4)
  The ghost of Ratty the Reanimator, a novice DENe of Nemelex Xobeh (D:7)
  8 ugly things
  A manticore (D:11)
  An oklob plant (Lair:3)
  Maurice (D:8)
  20 elephants
  4 black mambas
  3 molten gargoyles (Lair:6)
  A gargoyle (D:11)
  10 spiny frogs
  5 centaur skeletons
  12 rime drakes
  An efreet (D:15)
  A kobold demonologist (D:13)
  11 komodo dragons
  3 ice devils
  3 trolls
  3 hornets (Lair:3)
  A snapping turtle (Lair:2)
  4 slime creatures (D:15)
  A raiju (shapeshifter) (D:14)
  11 hippogriffs
  Sigmund (D:2)
  3 centaur simulacra (D:13)
  12 spriggans (Lair:3)
  13 wyverns
  2 wraiths
  8 basilisks
  33 yaks
  3 hungry ghosts
  5 vampire mosquitoes
  A death yak simulacrum (Lair:4)
  4 steam dragons
  10 water moccasins
  6 soldier ants (Lair:3)
  A hydra simulacrum (Lair:4)
  5 orc warriors
  13 porcupines
  4 hell hounds (Lair:6)
  9 sky beasts
  3 phantoms
  2 ice beasts
  An elephant zombie (Lair:4)
  2 ogres
  16 centaurs
  13 wolves
  3 boggarts (Lair:3)
  12 crocodiles
  10 big kobolds
  2 komodo dragon zombies (Lair:4)
  19 bullfrogs
  A gnoll sergeant (D:7)
  3 spiny frog simulacra (Lair:4)
  4 scorpions
  A wyvern skeleton (D:14)
  5 killer bees (D:10)
  4 wights (D:10)
  3 howler monkeys
  3 electric eels (Lair:4)
  11 crimson imps
  6 jellies
  3 centaur zombies
  A komodo dragon simulacrum (Lair:4)
  3 lava snakes (Lair:6)
  An orc priest (D:10)
  5 hounds
  3 bullfrog skeletons
  8 iguanas
  12 orc wizards
  Jessica (D:2)
  28 worker ants
  2 bullfrog simulacra (D:13)
  A crocodile zombie (Lair:4)
  2 hound skeletons
  7 gnolls
  12 adders
  3 shadow imps
  4 oozes
  3 adder skeletons
  A worm (D:4)
  3 dart slugs
  7 leopard geckos
  28 orcs
  A ball python (D:3)
  4 giant cockroaches
  4 goblins
  5 hobgoblins
  10 jackals
  16 kobolds
  6 quokkas
  6 bats
  4 frilled lizards
  A jackal skeleton (D:7)
  A leopard gecko zombie (D:5)
  A quokka skeleton (D:9)
  9 rats
  A bush (Lair:3)
  3 fungi
  3 plants
633 creatures vanquished.

Vanquished Creatures (collateral kills)
  Agnes (D:15)
  The ghost of Yvemeref the Cleaver, a journeyman FoFi of Gozag (D:13)
  A fire dragon (Lair:6)
  A death knight (D:15)
  Sonja (Lair:5)
5 creatures vanquished.

Vanquished Creatures (others)
  A catoblepas (Lair:6)
  A spiny frog (Lair:6)
  A big kobold (D:7)
  11 fungi
  6 plants
20 creatures vanquished.

Grand Total: 658 creatures vanquished

Notes
Turn   | Place    | Note
-------+----------+-------------------------------------------
     0 | D:1      | ohad the Hill Orc Gladiator began the quest for the Orb.
     0 | D:1      | Reached XP level 1. HP: 18/18 MP: 1/1
   236 | D:1      | Reached XP level 2. HP: 22/25 MP: 2/2
   302 | D:1      | Reached skill level 5 in Axes
   680 | D:2      | Noticed Sigmund
   692 | D:2      | Killed Sigmund
   692 | D:2      | Reached skill level 8 in Axes
   692 | D:2      | Reached XP level 3. HP: 30/30 MP: 3/3
   692 | D:2      | Reached XP level 4. HP: 37/37 MP: 4/4
   692 | D:2      | Reached XP level 5. HP: 42/42 MP: 5/5
   883 | D:2      | Noticed Jessica
   888 | D:2      | Killed Jessica
   888 | D:2      | Reached XP level 6. HP: 27/50 MP: 6/6
  1603 | D:3      | Found a hide-covered altar of Uskayaw.
  1647 | D:3      | Reached skill level 9 in Axes
  1909 | D:3      | Found a basalt altar of Yredelemnul.
  2552 | D:4      | Reached skill level 10 in Axes
  2552 | D:4      | Reached XP level 7. HP: 30/56 MP: 7/7
  2870 | D:4      | Found a staircase to the Ecumenical Temple.
  2880 | Temple   | Entered the Ecumenical Temple
  2940 | Temple   | Became a worshipper of Makhleb the Destroyer
  3138 | D:4      | Found Dobuw's Weapon Boutique.
  3141 | D:4      | Bought a +1 war axe of freezing for 159 gold pieces
  3546 | D:5      | Entered Level 5 of the Dungeon
  3571 | D:5      | Reached skill level 11 in Axes
  3865 | D:5      | Noticed a steam dragon
  3867 | D:5      | Noticed a steam dragon
  3876 | D:5      | Gained mutation: You are partially covered in thin metallic
                  | scales. (AC +2) [potion of mutation]
  3876 | D:5      | Gained mutation: You are somewhat resistant to further
                  | mutation. [potion of mutation]
  3876 | D:5      | Gained mutation: You have sharp toenails. [potion of
                  | mutation]
  4495 | D:5      | Killed a steam dragon
  4495 | D:5      | Reached skill level 12 in Axes
  4495 | D:5      | Reached XP level 8. HP: 21/62 MP: 8/8
  5136 | D:5      | Reached skill level 13 in Axes
  5699 | D:6      | Reached * piety under Makhleb
  5713 | D:6      | Reached skill level 14 in Axes
  5776 | D:6      | Reached XP level 9. HP: 64/68 MP: 9/9
  5981 | D:6      | Reached skill level 1 in Armour
  6342 | D:7      | Found a runed gate.
  6342 | D:7      | Found a runed gate.
  6343 | D:7      | Found a runed gate.
  6346 | D:7      | Noticed Ratty's ghost (novice DENe)
  6359 | D:7      | Reached skill level 5 in Armour
  6366 | D:7      | Killed Ratty's ghost
  6370 | D:7      | Reached ** piety under Makhleb
  6465 | D:7      | Found a glowing golden altar of the Shining One.
  6469 | D:7      | Found a shattered altar of Ashenzari.
  6510 | D:7      | Reached XP level 10. HP: 74/74 MP: 10/10
  6876 | D:8      | Noticed Gastronok
  6903 | D:8      | Killed Gastronok
  6934 | D:8      | Noticed Maurice
  6950 | D:8      | Reached skill level 1 in Invocations
  6964 | D:8      | Killed Maurice
  7405 | D:8      | Found a runed door.
  7406 | D:8      | Noticed galech's ghost (novice DsFi)
  7451 | D:8      | Killed galech's ghost
  7668 | D:9      | Reached XP level 11. HP: 39/80 MP: 15/15
  7743 | D:9      | Found Surunoowy's Magic Scroll Boutique.
  7751 | D:9      | Bought a scroll of blinking for 75 gold pieces
  7919 | D:9      | Reached skill level 5 in Dodging
  8045 | D:9      | Found a staircase to the Lair.
  8194 | D:10     | Entered Level 10 of the Dungeon
  8201 | D:10     | Reached *** piety under Makhleb
  8541 | D:10     | Killed an unseen horror
  8760 | D:10     | Found a shimmering altar of Xom.
  9066 | D:4      | Bought a +0 hand axe of flaming for 88 gold pieces
  9224 | Lair:1   | Entered Level 1 of the Lair of Beasts
  9287 | Lair:1   | Reached skill level 5 in Fighting
  9372 | Lair:1   | You fall through a shaft!
  9418 | Lair:2   | Reached **** piety under Makhleb
  9630 | Lair:2   | Found a staircase to the Shoals.
 10091 | Lair:1   | Reached XP level 12. HP: 103/103 MP: 16/16
 10247 | Lair:1   | Noticed a four-headed hydra
 10258 | Lair:1   | Killed a one-headed hydra
 10327 | Lair:1   | Reached skill level 10 in Fighting
 10893 | Lair:3   | Found a hole to the Spider Nest.
 11335 | Lair:3   | Noticed a death yak
 11337 | Lair:3   | Noticed a death yak
 11337 | Lair:3   | Noticed a death yak
 11342 | Lair:3   | Noticed a death yak
 11351 | Lair:3   | Noticed a death yak
 11352 | Lair:3   | Noticed a queen ant
 11352 | Lair:3   | Killed a death yak
 11353 | Lair:3   | Killed a death yak
 11363 | Lair:3   | Killed a death yak
 11364 | Lair:3   | Killed a death yak
 11365 | Lair:3   | Killed a death yak
 11368 | Lair:3   | Reached ***** piety under Makhleb
 11371 | Lair:3   | Killed a queen ant
 11595 | Lair:3   | Noticed a catoblepas
 11603 | Lair:3   | Killed a catoblepas
 11603 | Lair:3   | Reached XP level 13. HP: 117/117 MP: 17/17
 11683 | Lair:3   | Reached skill level 15 in Axes
 12014 | Lair:3   | Reached skill level 16 in Axes
 12315 | Lair:4   | Reached skill level 17 in Axes
 12594 | Lair:4   | Noticed MisterFreud's ghost (journeyman FeBe)
 12670 | Lair:4   | Reached skill level 18 in Axes
 12738 | Lair:4   | Found a runed gate.
 12738 | Lair:4   | Found a runed gate.
 12751 | Lair:4   | Found a runed gate.
 13043 | Lair:3   | HP: 4/117 [MisterFreud's ghost (25)]
 13048 | Lair:3   | HP: 3/117 [spriggan/stone (4)]
 13378 | Lair:4   | Got the ring "Huref" {Fire}
 13485 | Lair:4   | Reached XP level 14. HP: 125/125 MP: 19/19
 13877 | Lair:4   | Reached skill level 10 in Invocations
 14129 | Lair:5   | Got a faintly humming ring mail
 14208 | Lair:5   | Noticed Sonja
 14793 | Lair:5   | Killed Sonja
 15072 | Lair:6   | Entered Level 6 of the Lair of Beasts
 15142 | Lair:6   | Found a staircase to the Slime Pits.
 15428 | Lair:6   | Reached skill level 19 in Axes
 15686 | Lair:6   | Found a large runed door.
 15815 | Lair:6   | Reached ****** piety under Makhleb
 15877 | Lair:6   | Found a large runed door.
 16350 | Lair:3   | Noticed a balrug
 16503 | Lair:3   | Killed MisterFreud's ghost
 16503 | Lair:3   | Reached skill level 20 in Axes
 16662 | D:11     | Reached XP level 15. HP: 132/132 MP: 24/24
 16923 | D:11     | Got an ebony glaive
 16942 | D:11     | Found a staircase to the Orcish Mines.
 17439 | D:12     | Noticed Nergalle
 17464 | D:12     | Killed Nergalle
 18575 | D:13     | Found a runed gate.
 18575 | D:13     | Found a runed gate.
 18575 | D:13     | Found a runed gate.
 18615 | D:13     | Noticed Yvemeref's ghost (journeyman FoFi)
 18662 | D:13     | Reached skill level 10 in Dodging
 18894 | D:13     | Killed Yvemeref's ghost
 18993 | D:13     | Got the ring "Esaget" {Fire}
 19139 | D:13     | Identified the +9 glaive of the Shining Light {chop, rPois
                  | Str+2 Dex+4} (You found it on level 11 of the Dungeon)
 19377 | D:14     | Found a radiant altar of Vehumet.
 19538 | D:14     | Found a gate to the Vaults.
 19671 | D:14     | Identified the +5 ring mail "Caz Vooh" {+Fly rC- MR- Dex+8}
                  | (You found it on level 5 of the Lair of Beasts)
 19717 | D:14     | Found Rumenwon's Magic Scroll Shoppe.
 19730 | D:14     | Bought a scroll of enchant weapon for 97 gold pieces
 19904 | D:14     | Found a blossoming altar of Fedhas.
 19983 | D:15     | Entered Level 15 of the Dungeon
 20357 | D:15     | Reached XP level 16. HP: 139/139 MP: 25/25
 20375 | D:15     | Noticed Agnes
 20385 | D:15     | Killed Agnes
 20492 | D:15     | Found a basalt altar of Yredelemnul.
 20650 | D:15     | Found a staircase to the Depths.
 20653 | D:15     | Killed from afar by an ice dragon

Vault maps used:
D:1:      nagdon_arrival_zigzag_paths, minmay_tetromino_l2
D:2:      uniq_jessica, uniq_sigmund
D:3:      nicolae_overflow_hidden_temple, old_standard_altar, first_ration
D:4:      minmay_temple_entry_antechambers, serial_shops, kennysheep_mini_moat
D:5:      kennysheep_steamy
D:7:      minitemple, gammafunk_ghost_nasty_kobolds
D:8:      gammafunk_ghost_grave, uniq_maurice, uniq_gastronok
D:9:      dpeg_oklobed_lair, serial_shops, shop
D:10:     xom_teletrap_fun
D:11:     orc_0_dummy, grunt_ogre_cave
D:12:     minmay_between, uniq_nergalle
D:13:     minmay_opposing_rooms, gammafunk_ghost_icy
D:14:     erik_vaults_2, serial_shops, shop_statue, basic_altar, fedhas_altar_1
D:15:     grunt_enter_depths_hoard, yredelemnul_altar_generic, serial_glass,
          glass_columns_b, glass_columns_c, uniq_agnes
Temple:   hc_temple_tempest_star
Lair:1:   portal_ice_cave_demonic_guard, lemuel_fruit_tree
Lair:2:   minmay_shoals_entry_hut
Lair:3:   kb_forest_paths, spider_nest_entry_web_field, minmay_lair_oklob_items,
          zaba_antful_of_joy
Lair:4:   pond_and_an_island_with_a_cottage, gammafunk_ghost_icy,
          beast_lair_carwin_11
Lair:5:   grunt_megastairs_1, serial_bayou_shore_a, uniq_sonja
Lair:6:   cheibrodos_lair_end_hotspot, nicolae_slime_entry_slimehenge

Skill      XL: |  1  2  3  4  5  6  7  8  9 10 11 12 13 14 15 16 |
---------------+-------------------------------------------------+-----
Axes           | 8 10 12 14 18 20 | 20.7
Armour         | 8 11 | 11.5
Invocations    | 6 7 13 | 13.0
Dodging        | 3 6 8 11 12 | 12.0
Fighting       | 8 11 12 | 12.4
Throwing       | |  1.7

Action                   |  1- 3 |  4- 6 |  7- 9 | 10-12 | 13-15 | 16-18 || total
-------------------------+-------+-------+-------+-------+-------+-------++-------
Melee: War axe           |    65 |   134 |   285 |   303 |       |       ||   787
       Battleaxe         |       |       |       |   268 |  1210 |    47 ||  1525
       Hand axe          |       |       |       |    10 |    26 |       ||    36
       Unarmed           |       |       |       |       |    32 |       ||    32
 Fire: Blowgun           |       |       |       |       |     4 |       ||     4
Throw: Throwing net      |     2 |       |       |       |       |       ||     2
Invok: Lesser Servant of |       |       |       |     2 |     1 |       ||     3
       Greater Servant o |       |       |       |       |     6 |     2 ||     8
  Use: Scroll            |       |     2 |     1 |    15 |    20 |       ||    38
       Potion            |       |       |     5 |     3 |     4 |     1 ||    13
 Stab: Held in net/web   |     1 |       |       |       |       |       ||     1
       Distracted        |       |       |       |       |     2 |       ||     2
  Eat: Chunk             |       |     5 |     3 |    17 |    20 |     1 ||    46
       Ration            |       |       |     3 |       |     3 |       ||     6
Armor: Ring mail         |    25 |    44 |    45 |       |       |       ||   114
       Leather armour    |     3 |       |       |       |       |       ||     3
       Scale mail        |       |       |    56 |   114 |       |       ||   170
       Chain mail        |       |       |       |   191 |   400 |       ||   591
       Skin              |       |       |       |       |     3 |       ||     3
       Fire dragon scale |       |       |       |       |   216 |    21 ||   237
Dodge: Dodged            |    32 |    88 |   143 |   315 |   703 |    29 ||  1310

Table legend:
 A = Non-vault XP
 B = Vault XP
 C = Vault XP percentage of total XP
 D = Non-vault monster count
 E = Vault monster count
 F = Vault count percentage of total count
                 A         B        C        D         E       F
            +---------+---------+-------+---------+---------+-------
      Total |   89457 |   45798 |  33.9 |     470 |     162 |  25.6
            +---------+---------+-------+---------+---------+-------
        D:1 |      33 |       0 |   0.0 |      20 |       0 |   0.0
        D:2 |      35 |     275 |  88.7 |      16 |       2 |  11.1
        D:3 |     172 |       0 |   0.0 |      15 |       0 |   0.0
        D:4 |     337 |       0 |   0.0 |      17 |       0 |   0.0
        D:5 |     518 |     353 |  40.5 |      16 |       2 |  11.1
        D:6 |     733 |       0 |   0.0 |      20 |       0 |   0.0
        D:7 |     922 |    1465 |  61.4 |      24 |      10 |  29.4
        D:8 |     327 |    3584 |  91.6 |       7 |       3 |  30.0
        D:9 |    2167 |       0 |   0.0 |      22 |       0 |   0.0
       D:10 |    2292 |       0 |   0.0 |      31 |       0 |   0.0
       D:11 |    5062 |     888 |  14.9 |      22 |       1 |   4.3
       D:12 |    6525 |    2584 |  28.4 |      48 |       4 |   7.7
       D:13 |    2043 |    5159 |  71.6 |      13 |      20 |  60.6
       D:14 |   10145 |    7960 |  44.0 |      30 |       8 |  21.1
       D:15 |    7217 |    1353 |  15.8 |      20 |       1 |   4.8
     Lair:1 |    5039 |     676 |  11.8 |      23 |       2 |   8.0
     Lair:2 |    3187 |     274 |   7.9 |      15 |       1 |   6.2
     Lair:3 |    8631 |    8893 |  50.7 |      15 |      53 |  77.9
     Lair:4 |   18365 |    4592 |  20.0 |      43 |      22 |  33.8
     Lair:5 |    3414 |     844 |  19.8 |      13 |       2 |  13.3
     Lair:6 |   12293 |    6898 |  35.9 |      40 |      31 |  43.7
            +---------+---------+-------+---------+---------+-------
